 Dungeon Crawl Stone Soup version 0.28-a0-595-g9f6c0e134a (webtiles) character file.

Game seed: 15017056371406916541

18 lawman0 the Magician (level 2, 0/15 HPs)
             Began as a Tengu Hedge Wizard on Oct 4, 2021.
             Slain by a giant cockroach (1 damage)
             ... on level 1 of the Dungeon.
             The game lasted 00:01:25 (548 turns).

lawman0 the Magician (Tengu Hedge Wizard)            Turns: 548, Time: 00:01:26

Health: 0/15       AC:  2    Str: 10    XL:     2   Next: 70%
Magic:  0/7        EV: 12    Int: 14    God:
Gold:   29         SH:  0    Dex: 13    Spells: 6/7 levels left

rFire   . . .      SeeInvis .   f - +0 short sword
rCold   . . .      Faith    .   (no shield)
rNeg    . . .      Spirit   .   b - +0 robe
rPois   .          Reflect  .   c - +0 hat
rElec   .          Harm     .   (no cloak)
rCorr   .          Rampage  .   (no gloves)
Will    .....                   (boots unavailable)
Stlth   ++........              (no amulet)
HPRegen 0.05/turn               e - ring of flight
MPRegen 0.10/turn               (no ring)

@: flying
A: beak, talons 3
a: no special abilities


You were on level 1 of the Dungeon.
You visited 1 branch of the dungeon, and saw 1 of its levels.

You collected 29 gold pieces.

Inventory:

Hand Weapons
 f - a +0 short sword (weapon)
Armour
 b - a +0 robe (worn)
 c - a +0 hat (worn)
Jewellery
 e - a ring of flight (left hand)
Scrolls
 a - a scroll of enchant armour {unknown}
 d - a scroll of teleportation {unknown}


   Skills:
 + Level 2.4 Dodging
 + Level 2.0 Stealth
 + Level 3.4 Spellcasting
 * Level 2.1 Conjurations
 + Level 1.2 Summonings
 + Level 0.7 Translocations


You had 6 spell levels left.
You knew the following spells:

 Your Spells              Type           Power      Damage    Failure   Level
a - Magic Dart            Conj           32%        1d4       9%          1

Your spell library contained the following spells:

 Spells                   Type           Power      Damage    Failure   Level
 Call Imp                 Summ           5%         N/A       19%         2
 Freeze                   Ice            8%         1d3       21%         1
 Blink                    Tloc           N/A        N/A       22%         2
 Slow                     Hex            2%         N/A       30%         2
 Conjure Flame            Conj/Fire      5%         6-21      36%         3
 Mephitic Cloud           Conj/Pois/Air  4%         N/A       43%         3
 Frozen Ramparts          Ice            4%         1d2       52%         3
 Hailstorm                Conj/Ice       5%         3d4       78%         4
 Iskenderun's Battlesphe  Conj           8%         2d6       93%         5
 Fireball                 Conj/Fire      2%         3d4       98%         5
 Conjure Ball Lightning   Conj/Air       2%         3x3d6     100%        6
 Orb of Destruction       Conj           4%         9d2       100%        7


Dungeon Overview and Level Annotations

Branches:
Dungeon (1/15)

Altars:


Innate Abilities, Weirdness & Mutations

You have a beak for a mouth.
You have claws for feet.


Message History

You hit the jackal but do no damage.
The jackal is moderately wounded.
The jackal bites you. The jackal barely misses you.
The jackal bites you but does no damage.
The jackal bites you but does no damage.
Sorry, you're not good enough to have a special ability.
It was a potion of curing.
You feel better. The jackal bites you.
Aiming: Magic Dart (safe; 9% risk of failure)
Press: ? - help, Q - select action Shift-Dir - straight line, f/p - jackal
Aim: a jackal (moderately wounded, 100% to hit)
The magic dart hits the jackal.
The jackal is almost dead.
The jackal misses you. The jackal bites you.
Unknown command.
You hit the jackal.
You kill the jackal!
The jackal closely misses you.
Unknown command.
You closely miss the jackal. Your kick misses the jackal. You peck the jackal.
The jackal is heavily wounded.
The jackal bites you. x2
You completely miss the jackal.
The jackal is heavily wounded.
The jackal bites you.
* * * LOW HITPOINT WARNING * * *
Unknown command.
The jackal bites you.
* * * LOW HITPOINT WARNING * * *
The jackal bites you but does no damage.
Aiming: Magic Dart (safe; 9% risk of failure)
Press: ? - help, Q - select action Shift-Dir - straight line, f - jackal
Aim: a jackal (moderately wounded, 100% to hit)
The magic dart hits the jackal but does no damage.
The jackal is moderately wounded.
The jackal barely misses you. The jackal bites you.
* * * LOW HITPOINT WARNING * * *
The giant cockroach bites you.
You die...

#...# #..........
#....# #.......>..
......# #..........
####### ##.........
##########.....#.. #
#..........##.## #
#### #..........##.#
...#####.......B.....#
##....†.......lh@..###
#######..........##
#..........#
#..........#
#...>......#
#..........#
############


You could see a jackal, a giant cockroach and a frilled lizard.

Vanquished Creatures
  A giant cockroach (D:1)
  4 hobgoblins (D:1)
  3 jackals (D:1)
  3 kobolds (D:1)
  A ball python (D:1)
  2 frilled lizards (D:1)
  3 rats (D:1)
17 creatures vanquished.

Notes
Turn   | Place    | Note
-------+----------+-------------------------------------------
     0 | D:1      | lawman0 the Tengu Hedge Wizard began the quest for the Orb.
     0 | D:1      | Reached XP level 1. HP: 10/10 MP: 5/5
    13 | D:1      | lol
   301 | D:1      | Reached XP level 2. HP: 15/15 MP: 4/7
   548 | D:1      | Slain by a giant cockroach

Illustrated notes

#.......... ##.#
#..⌠...⌠.# ...#
##...###..# .....
#....#<#..# ##.....
#.#..#'#..###.....=.
#.⌠...⌠.....#.#
#.............#
#####.......###
##....@.# ###..###
....## #..#..
......## .##... ..#
#.#


Turn 13 on D:1: lol

Levels and vault maps discovered:
D:1:      scummos_arrival_simple_fountains, layout_rooms

Skill      XL: |  1  2 |
---------------+-------+-----
Conjurations   | 2 |  2.1
Dodging        | |  2.4
Stealth        | |  2.0
Spellcasting   | |  3.4
Summonings     | |  1.2
Translocations | |  0.7

Action                   || total
-------------------------++-------
Melee: Short sword       ||    14
       Kick              ||     3
       Peck              ||     2
 Cast: Magic Dart        ||    31
  Use: Potion            ||     1
Armor: Robe              ||     4
Dodge: Dodged            ||    14

Table legend: (Time is in decaauts)
 A = Elapsed time spent in this place.
 B = Non-inter-level travel time spent in this place.
 C = Inter-level travel time spent in this place.
 D = Time resting spent in this place.
 E = Time spent auto-exploring this place.
 F = Levels seen in this place.
 G = Mean time per level.
                   A        B        C        D        E       F      G
               +--------+--------+--------+--------+--------+-----+--------+
         Total |    548 |    548 |      0 |    158 |    252 |   1 |  548.0 |
       Dungeon |    548 |    548 |      0 |    158 |    252 |   1 |  548.0 |
               +--------+--------+--------+--------+--------+-----+--------+

Top non-repeatable levels by time:
     D:1: 548 daAuts
